FIQ, neutral male gnomish Wizard --- -- ..-- .-- ---... .>.--- -.... ...... ----- ...| .... -.. .... --...|... --..--...-- |......- --.........|--.....- |.........F|......- |........)%..- -- |.G.h.%...| ---...Goo.| |....o..-- --..o....-- ----.)ofo| |.:G'o| -----.- .. ..- .. --- FIQ the Evoker Experience level: 1 Strength: 9 Dexterity: 9 Constitution: 13 Intelligence: 19 Wisdom: 13 Charisma: 12 Health: 0(15) Energy: 7(7) Def: 5 Gold: 0 Moves: 2416 Dungeon seed: eRDbGM2LUl1PDo51 Game ID: FIQ_1560548797 Your Inventory: Weapons a - a blessed +1 quarterstaff (weapon in hands) o - 8 uncursed +0 darts x - an uncursed +0 elven dagger Armor e - an uncursed +0 cloak of magic resistance (being worn) n - an uncursed +0 orcish helm (being worn) q - an uncursed +0 pair of leather gloves (being worn) y - an uncursed +1 pair of elven boots (being worn) Comestibles m - 2 uncursed candy bars r - an uncursed food ration u - an uncursed lichen corpse D - 2 uncursed melons Scrolls z - 2 blessed scrolls of blank paper A - 2 uncursed scrolls of blank paper Spellbooks p - an uncursed spellbook of magic missile Potions l - a blessed potion of hallucination s - an uncursed potion of extra healing C - a cursed potion of gain ability Wands b - an uncursed wand of striking (0:8) E - an uncursed wand of magic missile (0:3) Tools k - an uncursed skeleton key t - an uncursed towel Spells and supernatural/magical abilities: Name Level Category Cost Memory a - force bolt 1 attack 5pw 97% m - magic missile 2 attack 10pw 97% x - extra healing 3 healing 57pw 97% K - cure sickness 3 healing 57pw 97% R - restore ability 4 healing 400pw 100% W - pray for help -- divine ? -- Your skills at the end: Fighting Skills wands [Basic] Weapon Skills quarterstaff [Basic] Spellcasting Skills attack spells [Basic] enchantment spells [Basic] Final Attributes: You were haltingly aligned. You were magic resistant. You had infravision. You were stealthy. You last prayed 22 turns ago. Thoth was noncommittal. You are dead. Vanquished creatures: 3 Uruk-hai a shrieker a straw golem a paper golem a kitten a giant bat a werejackal an iguana 2 acid blobs 4 hobbits 3 manes 2 giant rats a cave spider a brown mold a yellow mold 2 gnomes a gecko 16 jackals a fox 2 goblins 5 grid bugs 2 lichens 3 newts 56 creatures vanquished. Voluntary challenges: You used a wielded weapon 1 time, starting on turn 304. You read items or engraved 36 times, starting on turn 324. You never genocided any monsters. You never polymorphed an object. You never changed form. You used no wishes. You never split a pudding. You wrote Elbereth's name 1 time, starting on turn 2412. You never violated your personal moral code. Dungeon overview: The Dungeons of Doom: levels 1 to 4 Level 1 a fountain a long staircase Level 2 a sink Level 3 some fountains Level 4 a fountain stairs to The Gnomish Mines The Gnomish Mines: levels 5 to 6 Level 5 stairs to The Dungeons of Doom Level 6 <- You were here History has recorded: On T:1 you entered the Dungeons of Doom to retrieve the Amulet of Yendor! On T:377 you reached level 2 of The Dungeons of Doom. On T:892 you reached level 3 of The Dungeons of Doom. On T:1306 you reached level 4 of The Dungeons of Doom. On T:1895 you reached level 1 of The Gnomish Mines. On T:2374 you reached level 2 of The Gnomish Mines. Score breakdown: Gold: 0 ( 0 points) Experience: 1 level ( 0 points) Exploration: 6 levels ( 11.32%) ( 9302 points) Discoveries: 5 items ( 1.68%) ( 3885 points) Valuables value: (no points given unless you survive) Artifact value: 0 ( 0 points) Variety of kills: 23 monsters ( 6.05%) ( 7380 points) Turncount: 2416 turns ( -280 points) Survival: died (score multiplied by 80%) Total score: 16229 Latest messages: The Uruk-hai picks up 411 gold pieces from the floor. The Uruk-hai turns to flee! The large cat bites the Uruk-hai. The Uruk-hai wields a crude short sword! The Uruk-hai displaces the gnome king. The Uruk-hai misses the large cat. The Uruk-hai displaces the gnome king. The Uruk-hai misses the large cat. The newt turns to flee! The straw golem misses the large cat. (2x) The large cat bites the Uruk-hai. The Uruk-hai thrusts her crude short sword at the large cat. The Uruk-hai misses the large cat. The Uruk-hai thrusts her crude short sword at the large cat. The Uruk-hai misses the large cat. The Uruk-hai hits the large cat. The large cat bites the Uruk-hai. You are hit by a poisoned crude arrow! You feel weaker! You are hit by a poisoned crude arrow. Wizard is about to die. You die... Final status: Goodbye FIQ the Wizard, poisoned by an orcish arrow... You died in The Gnomish Mines on dungeon level 6 with 16229 points, and 0 pieces of gold, after 2416 moves. You were level 1 with a maximum of 15 hit points when you died.